 Dungeon Crawl Stone Soup version 0.29-a0-275-g389c0b56f3 (webtiles) character file.

Game seed: 5848066572840910278

508 YayAnonymity the Chopper (level 7, -4/90 HPs)
             Began as a Gnoll Berserker on Mar 13, 2022.
             Was a Believer of Trog.
             Succumbed to a water moccasin's poison
             ... on level 6 of the Dungeon.
             The game lasted 00:06:09 (5022 turns).

YayAnonymity the Chopper (Gnoll Berserker)          Turns: 5022, Time: 00:06:10

Health: -4/90      AC:  7    Str: 19    XL:     7   Next: 18%
Magic:  10/10      EV: 27    Int:  6    God:    Trog [**....]
Gold:   300        SH:  4    Dex: 11    Spells: 10/10 levels left

rFire   . . .      SeeInvis .   h - +2 dagger (elec)
rCold   + . .      Faith    .   p - +0 buckler
rNeg    . . .      Spirit   .   d - +0 ring mail
rPois   .          Reflect  .   (no helmet)
rElec   .          Harm     .   (no cloak)
rCorr   .          Rampage  .   (no gloves)
Will    .....                   k - +0 pair of boots
Stlth   ..........              i - amulet of the acrobat
HPRegen 0.25/turn               l - ring of protection from cold
MPRegen 0.12/turn               (no ring)

@: berserking, lethally poisoned (-4 -> -40), acrobatic, very quick
A: fangs 1, strong nose, distributed training
a: Renounce Religion, Berserk, Trog's Hand


You were on level 6 of the Dungeon.
You worshipped Trog.
Trog was pleased with you.
You visited 2 branches of the dungeon, and saw 7 of its levels.

You collected 300 gold pieces.

Inventory:

Hand Weapons
 a - a +0 hand axe
 h - a +2 dagger of electrocution (weapon)
 n - a +3 spear
Missiles
 q - 5 boomerangs (quivered)
 r - 3 javelins
Armour
 d - a +0 ring mail (worn)
 k - a +0 pair of boots (worn)
 p - a +0 buckler (worn)
Jewellery
 i - an amulet of the acrobat (around neck)
 l - a ring of protection from cold (left hand)
Scrolls
 b - 6 scrolls of teleportation
 j - 2 scrolls of immolation
 m - a scroll of blinking
 o - a scroll of fog
 s - a scroll of enchant weapon
Potions
 c - 2 potions of cancellation
 e - 2 potions of magic
 f - a potion of brilliance {unknown}
 g - a potion of mutation
 t - a potion of haste {unknown}
 u - a potion of ambrosia {unknown}


   Skills:
 + Level 7.0 Fighting
 + Level 2.3 Short Blades
 + Level 2.3 Long Blades
 + Level 7.0 Axes
 + Level 2.3 Maces & Flails
 + Level 2.3 Polearms
 + Level 2.3 Staves
 + Level 2.3 Slings
 + Level 2.3 Bows
 + Level 2.3 Crossbows
 + Level 2.3 Throwing
 + Level 5.1 Armour
 + Level 5.1 Dodging
 + Level 2.3 Stealth
 + Level 2.3 Shields
 + Level 2.3 Unarmed Combat
 + Level 2.3 Spellcasting
 + Level 1.9 Conjurations
 + Level 1.9 Hexes
 + Level 1.9 Summonings
 + Level 1.9 Necromancy
 + Level 1.9 Translocations
 + Level 1.9 Transmutations
 + Level 1.9 Fire Magic
 + Level 1.9 Ice Magic
 + Level 1.9 Air Magic
 + Level 1.9 Earth Magic
 + Level 1.9 Poison Magic
 + Level 2.5 Invocations
 + Level 2.3 Evocations


You had 10 spell levels left.
You didn't know any spells.
Your spell library was empty.

Dungeon Overview and Level Annotations

Branches:
Dungeon (6/15)             Temple (1/1) D:5

Altars:
Fedhas
Gozag
Hepliaklqana
Kikubaaqudgha
Makhleb
Nemelex Xobeh
Okawaru
Qazlal
Sif Muna
Trog
Vehumet
Xom
Zin


Innate Abilities, Weirdness & Mutations

You have very sharp teeth.
Your uncanny sense of smell can sniff out nearby items.
Your experience applies equally to all skills.


Message History

You feel extremely sick.
The water moccasin bites you but does no damage.
You block the water moccasin's attack.
A red film seems to cover your vision as you go berserk!
You feel yourself moving faster!
You feel mighty!
You feel very sick. The water moccasin bites you.
You hit the water moccasin.
The water moccasin is lightly wounded.
You feel very sick. The water moccasin bites you.
You are lethally poisoned!
The water moccasin poisons you!
You puncture the water moccasin!
The water moccasin is heavily wounded.
* * * LOW HITPOINT WARNING * * *
You feel very sick. The water moccasin bites you.
* * * LOW HITPOINT WARNING * * *
You are more poisoned.
The water moccasin poisons you!
You closely miss the water moccasin.
The water moccasin is heavily wounded.
* * * LOW HITPOINT WARNING * * *
You feel extremely sick. The water moccasin closely misses you.
You are too berserk!
You are too berserk!
You puncture the water moccasin!
Lightning courses through the water moccasin!!
You kill the water moccasin!
Trog accepts your kill.
* * * LOW HITPOINT WARNING * * *
You feel very sick.
Your life force feels restored.
Your Fighting skill increases to level 7!
Your Axes skill increases to level 7!
You have reached level 7!
You are too berserk!
You die...

# ∆ ..
#.###
#.#..
####.#.#
##.....†#
#.......#
...##..@#
#.#<#
#.#.# #
#.# ...
∆.## #.
.. ..


There were no monsters in sight!

Vanquished Creatures
  A water moccasin (D:6)
  A bullfrog (D:4)
  A phantom (D:5)
  A necrophage (D:5)
  A scorpion (D:5)
  6 adders
  2 worms
  4 dart slugs
  2 orcs (D:4)
  7 bats
  5 endoplasms
  8 giant cockroaches
  8 goblins
  7 hobgoblins
  3 jackals (D:3)
  7 kobolds
  A quokka (D:1)
  6 ball pythons
  2 frilled lizards (D:2)
  8 rats
81 creatures vanquished.

Notes
Turn   | Place    | Note
-------+----------+-------------------------------------------
     0 | D:1      | YayAnonymity the Gnoll Berserker began the quest for the
                  | Orb.
     0 | D:1      | Reached XP level 1. HP: 23/23 MP: 1/1
   139 | D:1      | Reached XP level 2. HP: 29/29 MP: 2/2
  1309 | D:2      | Reached XP level 3. HP: 35/35 MP: 3/3
  1343 | D:2      | Reached skill level 1 in Invocations
  1507 | D:2      | Reached skill level 1 in Short Blades
  1507 | D:2      | Reached skill level 1 in Long Blades
  1507 | D:2      | Reached skill level 1 in Maces & Flails
  1507 | D:2      | Reached skill level 1 in Polearms
  1507 | D:2      | Reached skill level 1 in Staves
  1507 | D:2      | Reached skill level 1 in Slings
  1507 | D:2      | Reached skill level 1 in Bows
  1507 | D:2      | Reached skill level 1 in Crossbows
  1507 | D:2      | Reached skill level 1 in Throwing
  1507 | D:2      | Reached skill level 1 in Stealth
  1507 | D:2      | Reached skill level 1 in Shields
  1507 | D:2      | Reached skill level 1 in Unarmed Combat
  1507 | D:2      | Reached skill level 1 in Spellcasting
  1507 | D:2      | Reached skill level 1 in Evocations
  1595 | D:2      | Reached XP level 4. HP: 41/41 MP: 5/5
  2237 | D:3      | Reached ** piety under Trog
  2238 | D:3      | Reached skill level 1 in Conjurations
  2238 | D:3      | Reached skill level 1 in Hexes
  2238 | D:3      | Reached skill level 1 in Summonings
  2238 | D:3      | Reached skill level 1 in Necromancy
  2238 | D:3      | Reached skill level 1 in Translocations
  2238 | D:3      | Reached skill level 1 in Transmutations
  2238 | D:3      | Reached skill level 1 in Fire Magic
  2238 | D:3      | Reached skill level 1 in Ice Magic
  2238 | D:3      | Reached skill level 1 in Air Magic
  2238 | D:3      | Reached skill level 1 in Earth Magic
  2238 | D:3      | Reached skill level 1 in Poison Magic
  2275 | D:3      | Found a faded altar of an unknown god.
  3297 | D:4      | Reached XP level 5. HP: 47/47 MP: 6/6
  4094 | D:5      | Entered Level 5 of the Dungeon
  4115 | D:5      | Noticed a phantom
  4124 | D:5      | Killed a phantom
  4125 | D:5      | Reached XP level 6. HP: 53/53 MP: 8/8
  4280 | D:5      | Found a staircase to the Ecumenical Temple.
  4289 | Temple   | Entered the Ecumenical Temple
  4519 | D:5      | Reached skill level 5 in Armour
  4519 | D:5      | Reached skill level 5 in Dodging
  5009 | D:6      | Noticed a water moccasin
  5021 | D:6      | Killed a water moccasin
  5021 | D:6      | HP: 1/76 [poisoned by a water moccasin]
  5022 | D:6      | Reached XP level 7. HP: 1/60 MP: 10/10
  5022 | D:6      | Succumbed to a water moccasin's poison

Illustrated notes

Levels and vault maps discovered:
D:1:      lemuel_arrival_lava_pool, layout_basic
D:2:      layout_loops_ring, minmay_hexomino_c4
D:3:      layout_basic, hellmonk_ecumenical_altar_pennies_from_heaven
D:4:      layout_rooms
D:5:      layout_basic, minmay_temple_entry_statues_pillars
D:6:      layout_loops_ring, chequers_temple_overflow_minitemple,
          kennysheep_generic_room_14, uniq_menkaure, uniq_eustachio
Temple:   dshaligram_water_room_temple

Skill      XL: |  1  2  3  4  5  6 |
---------------+-------------------+-----
Invocations    | 1 2 |  2.5
Short Blades   | 1 2 |  2.3
Long Blades    | 1 2 |  2.3
Maces & Flails | 1 2 |  2.3
Polearms       | 1 2 |  2.3
Staves         | 1 2 |  2.3
Slings         | 1 2 |  2.3
Bows           | 1 2 |  2.3
Crossbows      | 1 2 |  2.3
Throwing       | 1 2 |  2.3
Stealth        | 1 2 |  2.3
Shields        | 1 2 |  2.3
Unarmed Combat | 1 2 |  2.3
Spellcasting   | 1 2 |  2.3
Evocations     | 1 2 |  2.3
Conjurations   | 1 |  1.9
Hexes          | 1 |  1.9
Summonings     | 1 |  1.9
Necromancy     | 1 |  1.9
Translocations | 1 |  1.9
Transmutations | 1 |  1.9
Fire Magic     | 1 |  1.9
Ice Magic      | 1 |  1.9
Air Magic      | 1 |  1.9
Earth Magic    | 1 |  1.9
Poison Magic   | 1 |  1.9
Armour         | 5 |  5.1
Dodging        | 5 |  5.1
Fighting       | 7 |  7.0
Axes           | 7 |  7.0

Action                   |  1- 3 |  4- 6 |  7- 9 || total
-------------------------+-------+-------+-------++-------
Melee: Hand axe          |    37 |       |       ||    37
       Dagger            |    80 |   210 |       ||   290
       Bite              |    11 |    27 |       ||    38
       Punch             |     2 |     5 |       ||     7
Throw: Boomerang         |       |     3 |       ||     3
Invok: Berserk           |       |     2 |       ||     2
  Use: Scroll            |     4 |     8 |       ||    12
Armor: Ring mail         |    68 |    61 |       ||   129
       Animal skin       |     1 |       |       ||     1
Dodge: Dodged            |   121 |   142 |       ||   263
Block: Buckler           |       |    12 |       ||    12

Table legend: (Time is in decaauts)
 A = Elapsed time spent in this place.
 B = Non-inter-level travel time spent in this place.
 C = Inter-level travel time spent in this place.
 D = Time resting spent in this place.
 E = Time spent auto-exploring this place.
 F = Levels seen in this place.
 G = Mean time per level.
                   A        B        C        D        E       F      G
               +--------+--------+--------+--------+--------+-----+--------+
         Total |   5017 |   4708 |    309 |      8 |   3948 |   7 |  716.7 |
       Dungeon |   4882 |   4595 |    287 |      8 |   3848 |   6 |  813.7 |
        Temple |    135 |    113 |     22 |      0 |    100 |   1 |  135.0 |
               +--------+--------+--------+--------+--------+-----+--------+

Top non-repeatable levels by time:
     D:1: 1264 daAuts
     D:3: 986 daAuts
     D:2: 945 daAuts
     D:4: 896 daAuts
     D:5: 779 daAuts
  Temple: 135 daAuts
     D:6: 11 daAuts
